 Dungeon Crawl Stone Soup version 0.29.0-4-gdea44cf6ec (webtiles) character file.

Game seed: 3690785625081442238

148 qw the Chopper (level 5, 0/30 HPs)
             Began as a Tengu Warper on Aug 28, 2022.
             Killed from afar by Natasha (10 damage)
             ... with a magic dart
             ... on level 2 of the Dungeon.
             The game lasted 00:00:15 (2613 turns).

qw the Chopper (Tengu Warper)                       Turns: 2613, Time: 00:00:15

Health: 0/30       AC:  8    Str: 14    XL:     5   Next: 30%
Magic:  9/9        EV:  7    Int: 13    God:
Gold:   148        SH:  0    Dex: 13    Spells: 8/8 levels left

rFire   . . .      SeeInvis .   Y - +0 hand axe
rCold   . . .      Faith    .   (no shield)
rNeg    . . .      Spirit   .   e - +0 chain mail
rPois   .          Reflect  .   (helmet restricted)
rElec   .          Harm     .   (no cloak)
rCorr   .          Rampage  .   (no gloves)
Will    .....                   (boots unavailable)
Stlth   ..........              l - amulet of the acrobat
HPRegen 0.10/turn               (no ring)
MPRegen 0.11/turn               (no ring)

@: flying quickly and evasively, slowed, very slow
A: beak, talons 3, nimble flight
a: no special abilities


You were on level 2 of the Dungeon.
You visited 1 branch of the dungeon, and saw 2 of its levels.

You collected 148 gold pieces.


Innate Abilities, Weirdness & Mutations

You have a beak for a mouth.
You have claws for feet.
Your magical nature lets you fly swiftly and evasively.


   Skills:
 - Level 2.0 Fighting
 + Level 5.9 Axes
 - Level 1.0 Throwing
 - Level 1.1 Armour
 - Level 2.1 Dodging
 - Level 2.0 Spellcasting
 - Level 2.4 Translocations


You had 8 spell levels left.
You didn't know any spells.
Your spell library contained the following spells:

 Spells                   Type           Power      Damage    Failure   Level
 Blink                    Tloc           14%        N/A       99%         2
 Gell's Gravitas          Tloc           7%         N/A       100%        3
 Lesser Beckoning         Tloc           7%         N/A       100%        3
 Teleport Other           Tloc           7%         N/A       100%        3
 Manifold Assault         Tloc           7%         N/A       100%        5

Inventory:

Hand Weapons
 j - a +1 whip of venom
 Y - a +0 hand axe (weapon)
Armour
 e - a +0 chain mail (worn)
Jewellery
 l - an amulet of the acrobat (around neck)
Scrolls
 a - a scroll of identify
 b - a scroll of brand weapon {unknown}
 g - a scroll of teleportation {unknown}
 i - a scroll of enchant weapon {unknown}
Potions
 c - 2 potions of haste {unknown}
 f - a potion of lignification {unknown}
 h - 2 potions of curing {unknown}
 m - a potion of flight {unknown}

Dungeon Overview and Level Annotations

Branches:
Dungeon (2/15)

Altars:

Annotations:
D:2 Natasha


Message History

Natasha stares at you and mumbles some strange words.
You feel yourself slow down.
You closely miss the iron imp. You claw the iron imp!
Your peck misses the iron imp.
The iron imp is severely wounded.
You barely miss Natasha. Natasha claws you but does no damage.
The iron imp hits you but does no damage.
You hit the iron imp. Your kick misses the iron imp.
The iron imp is severely wounded.
You hit Natasha. Natasha claws you! The iron imp hits you.
Natasha stares at you and mumbles some strange words.
You feel as though you will be slow longer.
You hit the iron imp.
The iron imp is almost dead.
You closely miss Natasha. The iron imp hits you!
Natasha casts a spell.
You hit the iron imp but do no damage. Your peck misses the iron imp.
The iron imp is almost dead.
You hit the crimson imp. You hit Natasha.
Natasha stares at you and mumbles some strange words.
You resist with some effort. The iron imp barely misses you.
The crimson imp blinks!
Natasha barely misses you.
You hit the iron imp. You claw the iron imp.
You kill the iron imp!
The iron imp disappears in a puff of smoke!
You barely miss the crimson imp. You hit Natasha.
The crimson imp hits you but does no damage.
Natasha claws you.
The crimson imp hits you but does no damage.
You hit Natasha. You peck Natasha, but do no damage.
Natasha is severely wounded.
You hit the crimson imp. Natasha barely misses you.
The crimson imp hits you but does no damage.
Natasha stares at you and mumbles some strange words.
The magic dart hits you!
You die...

.##.#..# #.# #.#.######
.##.#..###.# #.#.......
.##.#....#.# #.#......)
.##.#..#.#.# #.#.......
.##.#..#.#.########### #.########
..#.##.#.#'##........# #.#.......
..#.##..........[....# #.#.######
..#.##...........h...# #.#.######
..#.##..........@....###.........
.................5...'.'.....###.
.........#.##........###.....# #.
.........#.########### #.....# #.
########.#.# #.....# #. ....#
#.#.# ######## #. .##.#
#.#.######### #...######. ###.#
##.#......(..# #.......... ###.#
#............# #..........


You could see Natasha and a crimson imp (summoned).

Vanquished Creatures
  Jessica (D:2)
  Natasha (D:2)
  2 adders (D:2)
  A worm (D:2)
  5 dart slugs
  6 endoplasms
  3 giant cockroaches
  A goblin (D:1)
  3 hobgoblins (D:2)
  10 jackals
  8 kobolds
  4 quokkas
  2 ball pythons (D:1)
  10 bats
  2 frilled lizards (D:2)
  3 rats (D:1)
62 creatures vanquished.

Notes
Turn   | Place    | Note
-------+----------+-------------------------------------------
     0 | D:1      | qw the Tengu Warper began the quest for the Orb.
     0 | D:1      | Reached XP level 1. HP: 12/12 MP: 4/4
     0 | D:1      | 0 ||| qw: Version: 0.1-a-89-g26bdef1
     0 | D:1      | 0 ||| qw: Game counter: 137
     0 | D:1      | 0 ||| qw: Always use a shield: true
     0 | D:1      | 0 ||| qw: God list: Okawaru
     0 | D:1      | 0 ||| qw: Allow faded altars: false
     0 | D:1      | 0 ||| qw: Do Orc after D:15 true
     0 | D:1      | 0 ||| qw: Do second Lair branch before Depths: true
     0 | D:1      | 0 ||| qw: Lair rune preference: random
     0 | D:1      | 0 ||| qw: Plans: Normal
     0 | D:1      | 0 ||| PLANNING D:1-11
   129 | D:1      | 129 ||| DROPPING +0 club.
   174 | D:1      | Reached skill level 3 in Axes
   174 | D:1      | Reached XP level 2. HP: 17/17 MP: 6/6
   231 | D:1      | 231 ||| Stepping ~*~*~tactically~*~*~ (stealth).
   235 | D:1      | 235 ||| Stepping ~*~*~tactically~*~*~ (stealth).
   236 | D:1      | 236 ||| Stepping ~*~*~tactically~*~*~ (stealth).
   328 | D:1      | 328 ||| Stepping ~*~*~tactically~*~*~ (stealth).
   335 | D:1      | 335 ||| Stepping ~*~*~tactically~*~*~ (stealth).
   336 | D:1      | 336 ||| Stepping ~*~*~tactically~*~*~ (stealth).
   338 | D:1      | 338 ||| Stepping ~*~*~tactically~*~*~ (stealth).
   351 | D:1      | 351 ||| Stepping ~*~*~tactically~*~*~ (stealth).
   352 | D:1      | 352 ||| Stepping ~*~*~tactically~*~*~ (stealth).
   391 | D:1      | 391 ||| Stepping ~*~*~tactically~*~*~ (stealth).
   429 | D:1      | 429 ||| Stepping ~*~*~tactically~*~*~ (stealth).
   437 | D:1      | 437 ||| Stepping ~*~*~tactically~*~*~ (stealth).
   538 | D:1      | 538 ||| Stepping ~*~*~tactically~*~*~ (stealth).
   548 | D:1      | 548 ||| Stepping ~*~*~tactically~*~*~ (stealth).
   554 | D:1      | 554 ||| Stepping ~*~*~tactically~*~*~ (stealth).
   565 | D:1      | 565 ||| Stepping ~*~*~tactically~*~*~ (stealth).
   566 | D:1      | 566 ||| Stepping ~*~*~tactically~*~*~ (stealth).
   568 | D:1      | 568 ||| Stepping ~*~*~tactically~*~*~ (stealth).
   569 | D:1      | 569 ||| Stepping ~*~*~tactically~*~*~ (stealth).
   574 | D:1      | Reached XP level 3. HP: 21/21 MP: 7/7
   577 | D:1      | 577 ||| Stepping ~*~*~tactically~*~*~ (stealth).
   578 | D:1      | 578 ||| Stepping ~*~*~tactically~*~*~ (stealth).
   579 | D:1      | 579 ||| Stepping ~*~*~tactically~*~*~ (stealth).
   615 | D:1      | Reached skill level 4 in Axes
   827 | D:1      | Found a faded altar of an unknown god.
   991 | D:1      | 991 ||| UPGRADING to +0 chain mail.
  1001 | D:1      | 1001 ||| DROPPING +0 leather armour.
  1002 | D:1      | 1002 ||| UPGRADING to amulet of the acrobat.
  1007 | D:1      | 1007 ||| READING scroll labelled BODALI TAOGARPH.
  1108 | D:1      | 1108 ||| READING scroll labelled MUKIJO KEWNUEM.
  1109 | D:1      | 1109 ||| READING scroll labelled LOEVVO KAQOLUASEM.
  1110 | D:1      | 1110 ||| READING scroll labelled GACOHA WEUCUG.
  1111 | D:1      | 1111 ||| DROPPING scroll of blinking.
  1421 | D:2      | Reached XP level 4. HP: 22/26 MP: 8/8
  1775 | D:2      | Noticed Jessica
  1778 | D:2      | Killed Jessica
  1779 | D:2      | Reached skill level 5 in Axes
  1850 | D:2      | 1850 ||| Stepping ~*~*~tactically~*~*~ (stealth).
  1855 | D:2      | 1855 ||| Stepping ~*~*~tactically~*~*~ (stealth).
  1942 | D:2      | 1942 ||| Stepping ~*~*~tactically~*~*~ (stealth).
  2052 | D:2      | Gained mutation: Your magical nature lets you fly swiftly
                  | and evasively. [Tengu growth]
  2052 | D:2      | Reached XP level 5. HP: 30/30 MP: 9/9
  2303 | D:2      | 2303 ||| DROPPING +0 whip.
  2394 | D:2      | Noticed Natasha
  2400 | D:2      | Killed Natasha
  2603 | D:2      | Noticed Natasha
  2613 | D:2      | Killed from afar by Natasha

Levels and vault maps discovered:
D:1:      scummos_arrival_gate, layout_basic,
          dreamdust_ecumenical_altar_sealed_demon, st_stairs_6
D:2:      layout_basic, uniq_natasha, uniq_jessica

Skill      XL: |  1  2  3  4 |
---------------+-------------+-----
Axes           | 3 4 5 |  5.9
Fighting       | |  2.0
Throwing       | |  1.0
Armour         | |  1.1
Dodging        | |  2.1
Spellcasting   | |  2.0
Translocations | |  2.4

Action                   |  1- 3 |  4- 6 || total
-------------------------+-------+-------++-------
Melee: Hand axe          |    83 |    55 ||   138
       Kick              |    15 |    14 ||    29
       Peck              |    13 |     9 ||    22
Throw: Boomerang         |     7 |       ||     7
  Use: Scroll            |     4 |       ||     4
Armor: Leather armour    |    13 |       ||    13
       Chain mail        |    13 |    26 ||    39
Dodge: Dodged            |    46 |    21 ||    67

Table legend:
 A = Non-vault XP
 B = Vault XP
 C = Vault XP percentage of total XP
 D = Non-vault monster count
 E = Vault monster count
 F = Vault count percentage of total count
                 A         B        C        D         E       F
            +---------+---------+-------+---------+---------+-------
      Total |     136 |      76 |  35.8 |      59 |       3 |   4.8
            +---------+---------+-------+---------+---------+-------
        D:1 |      61 |       4 |   6.2 |      33 |       1 |   2.9
        D:2 |      75 |      72 |  49.0 |      26 |       2 |   7.1
            +---------+---------+-------+---------+---------+-------
